 Dungeon Crawl Stone Soup version 0.17-a0-1404-gb8113a6 (webtiles) character file.

173375 Fluffy the Champion of Chaos (level 17, -13/140 HPs)
             Began as a Demonspawn Gladiator on June 20, 2015.
             Was the Champion of Makhleb.
             Killed from afar by a thorn hunter (39 damage)
             ... with a volley of thorns
             ... on level 3 of the Swamp on June 21, 2015.
             The game lasted 02:43:13 (43131 turns).

Fluffy the Champion of Chaos (DsGl)                Turns: 43131, Time: 02:43:16

Health: -13/140    AC: 24    Str: 18    XL:     17   Next: 43%
Magic:  0/29       EV: 23    Int: 13    God:    Makhleb [******]
Gold:   1238       SH: 13    Dex: 24    Spells: 0 memorised, 16 levels left

rFire  + + +     SeeInvis +     H - +3 scimitar (flame)
rCold  + . .     Clarity  +     j - +1 plate armour {rF+}
rNeg   + . .     SustAt   .     D - +2 shield of Resistance {rF+ rC+ MR+}
rPois  +         Gourm    .     I - +2 helmet {SInv}
rElec  +         Spirit   +     E - +1 cloak {MR+}
rCorr  +         Warding  .     (gloves unavailable)
rMut   .         Stasis   .     R - +0 pair of boots "Peonojy" {*Drain rElec rCorr}
MR     +++++                    N - amulet of the Four Winds {Clar rN+ MR+++}
Stlth  ..........               n - ring of protection from fire
                                c - +5 ring of evasion

@: agile, almost entirely resistant to hostile enchantments, extremely
unstealthy
A: claws 3, thin skeletal structure 2, poison resistance, powered by pain 2,
augmentation 1, magic shield
a: Minor Destruction, Lesser Servant of Makhleb, Major Destruction, Greater
Servant of Makhleb, Renounce Religion


You were on level 3 of the Swamp.
You worshipped Makhleb.
Makhleb was exalted by your worship.
You were not hungry.

You visited 5 branches of the dungeon, and saw 34 of its levels.
You also visited: Ice Cave.

You collected 3212 gold pieces.
You spent 1974 gold pieces at shops.

Inventory:

Hand weapons
 H - a +3 scimitar of flaming (weapon)
Missiles
 d - 7 throwing nets
 U - 6 tomahawks of returning (quivered)
Armour
 j - a +1 plate armour of fire resistance (worn)
 D - the +2 shield of Resistance (worn) {rF+ rC+ MR+}
   (You found it on level 14 of the Dungeon)

   It protects you from fire.
   It protects you from cold.
   It affects your resistance to hostile enchantments.
 E - a +1 cloak of magic resistance (worn)
 I - a +2 helmet of see invisible (worn)
 R - the +0 pair of boots "Peonojy" (worn) {*Drain rElec rCorr}
   (You found it on level 6 of the Lair of Beasts)

   It insulates you from electricity.
   It protects you from acid and corrosion.
   It causes draining when unequipped.
Jewellery
 a - the amulet "Ukhluh" {rMut +Fly rC+ MP+9}
   (You bought it in a shop on level 4 of the Orcish Mines)

   [amulet of resist mutation]

   It protects you from mutation.
   It protects you from cold.
   It affects your magic capacity (+9).
   It lets you fly.
 c - a +5 ring of evasion (left claw)
 l - the amulet of the Queen {rMut +Blink}
   (You found it on level 14 of the Dungeon)

   [amulet of resist mutation]

   It protects you from mutation.
   It lets you blink.
 n - a ring of protection from fire (right claw)
 p - an uncursed ring of protection from cold
 u - an uncursed ring of protection from magic
 y - an uncursed amulet of stasis
 z - an uncursed ring of fire
 N - the amulet of the Four Winds (around neck) {Clar rN+ MR+++}
   (You bought it in a shop on level 4 of the Orcish Mines)

   [amulet of clarity]

   It provides mental clarity.
   It protects you from negative energy.
   It affects your resistance to hostile enchantments.
 Z - the ring "Peeloor" {Fire MP+9 Str+8 Dex-5}
   (You found it on level 8 of the Lair of Beasts)

   [ring of fire]

   It enhances your fire magic, and weakens your ice magic.
   It affects your strength (+8).
   It affects your dexterity (-5).
   It protects you from fire.
   It makes you vulnerable to cold.
   It affects your magic capacity (+9).
Magical devices
 o - a wand of disintegration (10)
 x - a wand of digging (13)
 A - a wand of fireball (7)
 J - a wand of cold (7)
Scrolls
 b - 2 scrolls of fog
 h - 6 scrolls of identify
 q - 6 scrolls of recharging
 r - 11 scrolls of teleportation
 w - 2 scrolls of blinking
 L - a scroll of enchant armour
 Q - 5 scrolls of enchant weapon
 S - a scroll of fear
 T - 5 scrolls of remove curse
 V - a scroll of silence
 Y - 3 scrolls of magic mapping
Potions
 f - 15 potions of curing
 g - 4 potions of flight
 k - a potion of cure mutation
 s - 5 potions of haste
 B - 3 potions of berserk rage
 C - a potion of agility
 M - a potion of invisibility
 O - a potion of might
 X - a potion of cancellation
Miscellaneous
 v - a phial of floods
Comestibles
 e - 10 bread rations
 i - 4 slices of pizza
 m - 8 meat rations
 F - 31 fruits


   Skills:
 + Level 14.3 Fighting
 + Level 13.8 Long Blades
 - Level 1.7 Throwing
 + Level 12.8 Armour
 + Level 11.8 Dodging
 + Level 6.6 Shields
 + Level 17.9 Invocations


You had 16 spell levels left.
You didn't know any spells.

Dungeon Overview and Level Annotations

Branches:
Dungeon (15/15)            Temple (0/1) D:5            Lair (8/8) D:8
  Swamp (4/4) Lair:5       Spider (3/4) Lair:6        Slime (0/6) Lair:7
    Orc (4/4) D:9             Elf (0/3) Orc:4        Vaults (0/5) D:14
 Depths (0/5) D:15

Altars:
Ashenzari
Cheibriados
Dithmenos
Elyvilon
Fedhas
Gozag
Makhleb
Nemelex Xobeh
Qazlal
Ru
Sif Muna
Xom
Yredelemnul
Beogh
Jiyva

Shops:
D:5 (   D:8 [[[   Orc:4 ==}?

Portals:
Trove: D:15 (give 12 potions of heal wounds)


Innate Abilities, Weirdness & Mutations

You have claws for hands.
You have a moderately thin skeletal structure (Dex +4, Stealth+).
You sometimes gain power by taking damage.
Your magical and physical power is slightly enhanced at high health.
When hurt, damage is shared between your health and your magic reserves.
Your system is resistant to poisons.


Message History

The spriggan barely misses you.
You chop one of the eight-headed hydra's heads off!
The flame cauterises the wound!
You slash the seven-headed hydra! You burn the seven-headed hydra.
The seven-headed hydra is lightly wounded.
You block the thorn hunter's attack. The thorn hunter completely misses you.
You block the seven-headed hydra's attack.
The seven-headed hydra barely misses you.
You block the seven-headed hydra's attack.
The seven-headed hydra closely misses you.
The seven-headed hydra bites you but does no damage. x2
The seven-headed hydra completely misses you.
You hack one of the seven-headed hydra's heads off!
The flame cauterises the wound!
You slash the six-headed hydra! You burn the six-headed hydra.
The six-headed hydra is moderately wounded.
The spriggan closely misses you.
The thorn hunter fires a volley of thorns at you.
The volley of thorns hits you!
You die...

.[..♣♣♣♣
♣♣♣.≈≈≈≈≈≈≈≈.♣♣♣♣♣
♣.≈≈. ≈..♣♣
♣♣...≈≈≈≈≈≈≈<...(.♣
♣♣♣♣♣ ≈≈.≈♣
♣.≈≈≈≈≈≈≈≈≈≈≈≈§≈≈≈♣♣
≈..♣♣
♣.≈≈≈≈≈≈≈≈≈≈≈≈≈≈≈≈.♣♣
.♣♣♣
♣.≈≈≈≈≈≈≈≈≈≈≈.≈≈≈≈.)♣♣
♣♣
♣♣♣.≈≈≈≈≈≈≈≈≈.≈≈≈..≈≈♣
♣♣..≈≈≈≈≈≈.≈≈≈≈.≈≈.♣♣♣♣
♣♣♣♣..i≈≈.....≈≈.♣♣♣.≈
♣f@†.≈≈≈≈≈≈≈≈≈≈♣..)
♣††D≈≈≈≈≈≈≈≈≈♣.≈..)
♣♣♣♣.≈≈≈≈≈≈≈.≈≈≈≈≈≈
♣≈.≈.≈≈≈≈≈≈≈≈≈≈≈
♣♣♣♣.≈≈≈≈≈≈≈≈≈≈≈
♣.≈≈≈≈≈≈≈≈≈≈≈
♣♣.≈≈≈≈≈.≈≈..
♣♣≈....>≈♣....
♣....♣♣♣♣♣♣..≈


You could see a thorn hunter, a six-headed hydra and a spriggan.

Vanquished Creatures
  Nikola (Spider:1)
  Jorgrun (Swamp:3)
  Agnes (Spider:1)
  Kirke (D:12)
  Roxanne (D:15)
  Maud (Lair:6)
  A ghost moth (Spider:3)
  2 orc warlords
  3 emperor scorpions
  Snorg (D:12)
  Josephine (Lair:7)
  A fire dragon (D:14)
  Harold (Lair:3)
  Erolcha (D:9)
  An ice dragon (Swamp:3)
  3 entropy weavers
  An ogre mage (D:15)
  16 hydras
  A ghost crab (Swamp:2)
  Erica (D:8)
  A tengu warrior (D:13)
  A vampire mage (D:15)
  2 centaur warriors
  6 death yaks
  9 alligators
  A queen ant (Spider:1)
  Urug (D:12)
  The ghost of asdu the Cleaver, an experienced GrGl of Trog (IceCv)
  5 orc high priests (Orc:4)
  A spriggan druid (Swamp:3)
  A skeletal warrior (D:15)
  11 swamp dragons
  An ice statue (IceCv)
  5 orc knights
  A lindwurm (Lair:7)
  4 shambling mangroves
  A phantasmal warrior (D:14)
  A necromancer (D:15)
  3 hill giants
  5 orc sorcerers (Orc:4)
  A fire giant zombie (D:15)
  15 wolf spiders
  A moth of wrath (Spider:1)
  8 orb spiders
  A hornet (Swamp:3)
  2 cyclopes
  A salamander (shapeshifter) (D:14)
  4 griffons
  An ugly thing (D:12)
  2 manticores
  A fire giant skeleton (D:15)
  A stone giant skeleton (D:15)
  Maurice (D:12)
  4 elephants
  Joseph (D:9)
  A frost giant skeleton (D:15)
  2 torpor snails
  2 black mambas
  3 gargoyles
  6 demonic crawlers
  8 trolls
  6 fire drakes
  12 spiny frogs
  7 komodo dragons
  5 two-headed ogres
  A guardian mummy (D:15)
  A polar bear (Lair:8)
  7 giant leeches
  20 jumping spiders
  17 blink frogs
  7 bog bodies
  A boulder beetle (Spider:1)
  A freezing wraith (D:14)
  18 slime creatures
  A centaur simulacrum (D:14)
  7 trapdoor spiders
  5 spriggans
  7 wyverns
  31 redbacks
  21 tarantellas
  4 basilisks
  6 wraiths
  A shadow (Swamp:2)
  34 yaks
  2 deep elf magi
  15 hippogriffs
  A vampire (D:13)
  2 hogs (D:12)
  A hippogriff (shapeshifter) (D:14)
  27 vampire mosquitoes
  18 swamp worms
  A steam dragon (D:11)
  2 hungry ghosts
  3 wargs
  10 wolves
  6 insubstantial wisps
  2 mottled dragons
  5 soldier ants
  Duvessa (D:7)
  6 ice beasts
  9 porcupines
  57 orc warriors
  16 swamp drakes
  6 sky beasts
  An eye of draining (D:9)
  A necrophage (D:9)
  15 water moccasins
  A black bear (D:9)
  25 spiders
  A black bear (shapeshifter) (D:15)
  A phantom (D:8)
  12 wasps
  15 centaurs
  13 crocodiles
  28 ogres
  2 brain worms (D:14)
  3 big kobolds
  Dowan (D:7)
  28 giant frogs
  6 scorpions
  A wyvern skeleton (D:14)
  9 killer bees (D:12)
  The ghost of asdu the Slasher, a weakling DsBe of Trog (D:5)
  3 electric eels
  7 wights
  5 crimson imps
  29 orc wizards
  A wasp zombie (D:12)
  A centaur zombie (D:6)
  25 orc priests
  2 quasits
  Crazy Yiuf (D:7)
  2 giant frog skeletons
  9 iguanas
  6 jellies
  2 centaur skeletons
  6 hounds
  Natasha (thrice) (D:3)
  26 worker ants
  6 sheep (Lair:3)
  15 adders
  21 river rats
  3 shadow imps
  2 adder zombies (D:6)
  4 oozes
  2 adder skeletons
  3 worms
  8 giant geckos
  276 orcs
  13 bats
  13 goblins
  14 hobgoblins
  3 jackals (D:5)
  15 kobolds
  4 quokkas
  2 ball pythons
  2 giant cockroaches
  7 giant newts
  A quokka skeleton (D:6)
  15 rats
  A spectral orc (D:4)
1299 creatures vanquished.

Vanquished Creatures (collateral kills)
  A tentacled monstrosity (Swamp:4)
  2 hydras (Lair:3)
  An alligator (Swamp:4)
  An orc high priest (Orc:4)
  2 death yaks (Lair:8)
  An ice statue (IceCv)
  2 spiny frogs
  A komodo dragon (Lair:3)
  A bog body (Swamp:4)
  4 yaks (Lair:8)
  A swamp worm (Swamp:4)
  A porcupine (Lair:3)
  2 orc warriors (Orc:4)
  3 ice beasts (IceCv)
  An orc priest (Orc:4)
  10 orcs (Orc:4)
34 creatures vanquished.

Vanquished Creatures (others)
  2 spriggans (Swamp:2)
  A spriggan druid (Swamp:2)
  A jumping spider (Spider:1)
  A redback (Spider:1)
  2 humans (D:12)
  A tarantella (Spider:1)
  A swamp worm (Swamp:2)
  4 insubstantial wisps (Swamp:2)
  2 spiders (Spider:1)
  A swamp drake (Swamp:2)
  4 wasps (Swamp:2)
  2 orcs
  2 bushes (D:15)
  8 fungi (Lair:8)
  12 plants
44 creatures vanquished.

Grand Total: 1377 creatures vanquished

Notes
Turn   | Place    | Note
--------------------------------------------------------------
     0 | D:1      | Fluffy the Demonspawn Gladiator began the quest for the Orb.
     0 | D:1      | Reached XP level 1. HP: 16/16 MP: 1/1
   208 | D:1      | Reached skill level 3 in Long Blades
   274 | D:1      | Gained mutation: You have a somewhat thin skeletal structure (Dex +2, Stealth). [demonic ancestry]
   274 | D:1      | Reached XP level 2. HP: 22/22 MP: 2/2
  1073 | D:2      | Found a burning altar of Makhleb.
  1076 | D:2      | Became a worshipper of Makhleb the Destroyer
  1565 | D:2      | Reached XP level 3. HP: 9/27 MP: 3/3
  1905 | D:2      | Found a deep blue altar of Sif Muna.
  1905 | D:2      | Found an opulent altar of Gozag.
  2004 | D:3      | Reached skill level 1 in Invocations
  2098 | D:3      | Acquired Makhleb's first power
  2318 | D:3      | Noticed Natasha
  2326 | D:3      | Killed Natasha
  2326 | D:3      | Gained mutation: You have sharp fingernails. [demonic ancestry]
  2326 | D:3      | Reached XP level 4. HP: 27/34 MP: 3/5
  2719 | D:3      | Noticed Natasha
  2731 | D:3      | Killed Natasha
  2731 | D:3      | Reached skill level 1 in Armour
  2854 | D:3      | Noticed Natasha
  2860 | D:3      | Killed Natasha
  3070 | D:4      | Reached skill level 4 in Long Blades
  3070 | D:4      | Reached XP level 5. HP: 18/40 MP: 6/6
  3091 | D:4      | HP: 2/40 [poisoned by a scorpion]
  3666 | D:4      | Noticed an ogre
  3671 | D:4      | Killed an ogre
  3671 | D:4      | Reached XP level 6. HP: 47/47 MP: 8/8
  3743 | D:4      | Acquired Makhleb's second power
  4269 | D:4      | Found a basalt altar of Yredelemnul.
  4404 | D:5      | Entered Level 5 of the Dungeon
  4426 | D:5      | Found Nipeusk's Antique Weapon Shoppe.
  4467 | D:5      | Noticed asdu's ghost (weakling DsBe)
  4488 | D:5      | Killed asdu's ghost
  4496 | D:5      | Reached XP level 7. HP: 53/53 MP: 9/9
  4796 | D:5      | Found a shadowy altar of Dithmenos.
  5352 | D:5      | Found a staircase to the Ecumenical Temple.
  5448 | D:6      | Reached skill level 5 in Long Blades
  5494 | D:6      | Acquired Makhleb's third power
  5512 | D:6      | Gained mutation: You have a moderately thin skeletal structure (Dex +4, Stealth+). [demonic ancestry]
  5512 | D:6      | Reached XP level 8. HP: 35/61 MP: 11/11
  5531 | D:6      | Reached skill level 5 in Invocations
  5770 | D:6      | Found a shimmering altar of Xom.
  5993 | D:6      | Reached skill level 5 in Fighting
  6160 | D:6      | Reached skill level 5 in Dodging
  6333 | D:6      | Found a sacrificial altar of Ru.
  6576 | D:6      | Reached skill level 6 in Invocations
  6991 | D:7      | Noticed Duvessa
  6991 | D:7      | Noticed Dowan
  7001 | D:7      | Killed Duvessa
  7007 | D:7      | Gained mutation: You sometimes gain a little power by taking damage. [demonic ancestry]
  7007 | D:7      | Reached XP level 9. HP: 69/69 MP: 13/13
  7029 | D:7      | Killed Dowan
  7363 | D:7      | Noticed Crazy Yiuf
  7382 | D:7      | Killed Crazy Yiuf
  7607 | D:7      | Acquired Makhleb's fourth power
  7903 | D:7      | Found a snail-covered altar of Cheibriados.
  8055 | D:7      | Found a shadowy altar of Dithmenos.
  8100 | D:7      | Reached skill level 7 in Invocations
  8346 | D:7      | Found a white marble altar of Elyvilon.
  8425 | D:8      | Found a stormy altar of Qazlal.
  8446 | D:8      | Found Filak's Armour Shop.
  8496 | D:8      | Found a blossoming altar of Fedhas.
  8634 | D:8      | Found Zeugic's Antique Armour Shop.
  8753 | D:8      | Found Zepigul's Armour Emporium.
  8808 | D:8      | Noticed Erica
  8810 | D:8      | Noticed a fire drake
  8820 | D:8      | Killed Erica
  8820 | D:8      | Reached skill level 5 in Armour
  8820 | D:8      | Reached skill level 8 in Invocations
  8822 | D:8      | Killed a fire drake
  8854 | D:8      | Found a staircase to the Lair.
  9374 | D:8      | Bought a +2 helmet of see invisible for 301 gold pieces
  9437 | D:9      | Found a shattered altar of Ashenzari.
  9518 | D:9      | Gained mutation: You have very sharp fingernails. [demonic ancestry]
  9518 | D:9      | Reached XP level 10. HP: 79/79 MP: 16/16
  9598 | D:9      | Acquired Makhleb's fifth power
  9636 | D:9      | Reached skill level 9 in Invocations
  9929 | D:9      | Found a staircase to the Orcish Mines.
  9962 | D:9      | Noticed Erolcha
  9971 | D:9      | Killed Erolcha
 10261 | D:9      | Reached skill level 10 in Invocations
 10537 | D:9      | Noticed Joseph
 10548 | D:9      | Killed Joseph
 10737 | Lair:1   | Entered Level 1 of the Lair of Beasts
 10809 | Lair:1   | Gained mutation: When hurt, damage is shared between your health and your magic reserves. [demonic ancestry]
 10809 | Lair:1   | Reached XP level 11. HP: 78/86 MP: 18/18
 10941 | Lair:1   | Found a frozen archway.
 10961 | IceCv    | Entered an ice cave
 10961 | IceCv    | Noticed asdu's ghost (experienced GrGl)
 10993 | IceCv    | Killed asdu's ghost
 11007 | IceCv    | Noticed an ice statue
 11007 | IceCv    | Noticed an ice statue
 11019 | IceCv    | Killed an ice statue
 11023 | IceCv    | Killed an ice statue
 12033 | Lair:1   | Reached skill level 11 in Invocations
 12730 | Lair:3   | Noticed Harold
 12915 | Lair:3   | Killed Harold
 13131 | Lair:3   | HP: 4/89 [poisoned by a spiny frog]
 13136 | Lair:3   | HP: 2/89 [poisoned by a spiny frog]
 13141 | Lair:3   | HP: 1/89 [poisoned by a spiny frog]
 13148 | Lair:3   | HP: 1/89 [poisoned by a spiny frog]
 13156 | Lair:3   | HP: 1/89 [poisoned by a spiny frog]
 13954 | Lair:3   | Noticed an eight-headed hydra
 13963 | Lair:3   | Killed a five-headed hydra
 13963 | Lair:3   | Reached skill level 12 in Invocations
 13963 | Lair:3   | Gained mutation: You sometimes gain power by taking damage. [demonic ancestry]
 13963 | Lair:3   | Reached XP level 12. HP: 60/97 MP: 15/21
 13964 | Lair:3   | Noticed a seven-headed hydra
 13966 | Lair:3   | Killed a seven-headed hydra
 14322 | Lair:4   | Found a white marble altar of Elyvilon.
 15506 | Lair:5   | Reached skill level 10 in Fighting
 15508 | Lair:5   | Found a staircase to the Swamp.
 15618 | Lair:5   | Noticed a five-headed hydra
 15634 | Lair:5   | Killed a one-headed hydra
 16186 | Lair:6   | Reached skill level 10 in Long Blades
 16197 | Lair:6   | Noticed Maud
 16219 | Lair:6   | Killed Maud
 16411 | Lair:6   | Noticed an eight-headed hydra
 16421 | Lair:6   | Killed a one-headed hydra
 16486 | Lair:6   | Reached skill level 13 in Invocations
 16933 | Lair:6   | Found a hole to the Spider Nest.
 17271 | Lair:6   | Got a pair of twisted boots
 17282 | Lair:6   | Identified the cursed +0 pair of boots "Peonojy" {*Drain rElec rCorr} (You found it on level 6 of the Lair of Beasts)
 17457 | Lair:6   | Gained mutation: You have claws for hands. [demonic ancestry]
 17457 | Lair:6   | Reached XP level 13. HP: 52/104 MP: 15/22
 17726 | Lair:7   | Noticed Josephine
 17740 | Lair:7   | Killed Josephine
 18004 | Lair:7   | Found a runed door.
 18005 | Lair:7   | Found a viscous altar of Jiyva.
 18044 | Lair:7   | Found a staircase to the Slime Pits.
 18564 | Lair:8   | Entered Level 8 of the Lair of Beasts
 19230 | Lair:8   | Reached skill level 10 in Armour
 19242 | Lair:8   | Reached skill level 14 in Invocations
 20257 | Lair:8   | Gained mutation: Your system is resistant to poisons. [potion of beneficial mutation]
 20362 | Lair:8   | Reached XP level 14. HP: 31/113 MP: 8/24
 20523 | Lair:8   | Got a wavering lead ring
 20528 | Lair:8   | Identified the ring "Peeloor" {Fire MP+9 Str+8 Dex-5} (You found it on level 8 of the Lair of Beasts)
 20531 | Lair:8   | Upgraded the game from 0.17-a0-1403-g9df874c to 0.17-a0-1404-gb8113a6
 21220 | Orc:1    | Entered Level 1 of the Orcish Mines
 21639 | Orc:2    | Noticed an orc warlord
 21686 | Orc:1    | Killed an orc warlord
 23362 | Orc:4    | Entered Level 4 of the Orcish Mines
 24194 | Orc:4    | Found Qiatoup's Jewellery Emporium.
 24205 | Orc:4    | Found Xipehel's Jewellery Shoppe.
 24281 | Orc:4    | Found a roughly hewn altar of Beogh.
 24661 | Orc:4    | Noticed an orc warlord
 24683 | Orc:4    | Killed an orc warlord
 24683 | Orc:4    | Reached skill level 15 in Invocations
 24945 | Orc:4    | Found a staircase to the Elven Halls.
 26363 | Orc:4    | Found Dischox's Magic Scroll Shoppe.
 26427 | Orc:4    | Found a roughly hewn altar of Beogh.
 26458 | Orc:4    | Found Tagaazic's Gadget Emporium.
 26851 | Orc:4    | Bought the amulet "Ukhluh" {rMut +Fly rC+ MP+9} for 953 gold pieces
 26976 | Orc:4    | Bought the amulet of the Four Winds {Clar rN+ MR+++} for 720 gold pieces
 27077 | D:10     | Entered Level 10 of the Dungeon
 29083 | D:12     | Reached skill level 10 in Dodging
 29106 | D:12     | Noticed Kirke
 29136 | D:12     | Killed Kirke
 29321 | D:12     | Noticed Maurice
 29347 | D:12     | Killed Maurice
 29347 | D:12     | Reached XP level 15. HP: 122/122 MP: 26/26
 29439 | D:12     | Noticed Urug
 29453 | D:12     | Killed Urug
 29887 | D:12     | Noticed Snorg
 30297 | D:12     | Killed Snorg
 31823 | D:14     | Got a pitted ruby amulet
 31854 | D:14     | Identified the amulet of the Queen {rMut +Blink} (You found it on level 14 of the Dungeon)
 31981 | D:14     | Found a gate to the Vaults.
 32032 | D:14     | Reached skill level 16 in Invocations
 32538 | D:15     | Entered Level 15 of the Dungeon
 32642 | D:15     | Reached skill level 1 in Shields
 32758 | D:15     | Found a portal to a secret trove of treasure.
 32800 | D:15     | Noticed Roxanne
 32872 | D:15     | Found a sparkling altar of Nemelex Xobeh.
 33028 | D:15     | Found a staircase to the Depths.
 33576 | D:15     | Killed Roxanne
 33578 | D:15     | Identified Roxanne's Almanac of Earth and Changing (You took it off Roxanne on level 15 of the Dungeon)
 34033 | Spider:1 | Entered Level 1 of the Spider Nest
 34050 | Spider:1 | Noticed Agnes
 34075 | Spider:1 | HP: 4/123 [Agnes/lajatang of speed (13)]
 34080 | Spider:1 | HP: 5/123 [poisoned by a wolf spider]
 34085 | Spider:1 | HP: 4/123 [poisoned by a wolf spider]
 34091 | Spider:1 | HP: 3/123 [poisoned by a wolf spider]
 34099 | Lair:6   | HP: 3/123 [poisoned by a wolf spider]
 34106 | Lair:6   | HP: 3/123 [poisoned by a wolf spider]
 34112 | Lair:6   | HP: 3/123 [poisoned by a wolf spider]
 34118 | Lair:6   | HP: 4/123 [poisoned by a wolf spider]
 34574 | Spider:1 | Killed Agnes
 35732 | Spider:1 | HP: 5/123 [tarantella (5)]
 36475 | Spider:1 | Noticed Nikola
 36537 | Spider:1 | Killed Nikola
 36537 | Spider:1 | Gained mutation: Your magical and physical power is slightly enhanced at high health. [demonic ancestry]
 36537 | Spider:1 | Reached XP level 16. HP: 129/131 MP: 19/28
 38196 | Spider:2 | Reached skill level 17 in Invocations
 38672 | Spider:3 | Reached skill level 5 in Shields
 39500 | Swamp:1  | Entered Level 1 of the Swamp
 40160 | Swamp:1  | Identified a scroll of acquirement
 40286 | Swamp:2  | Identified a +2 rod of the swarm (10/10) (You found it on level 2 of the Swamp)
 41395 | Swamp:3  | Noticed Jorgrun
 41409 | Swamp:3  | Killed Jorgrun
 41409 | Swamp:3  | Reached XP level 17. HP: 136/139 MP: 22/29
 41804 | Swamp:3  | Got a jewelled shield
 41815 | Swamp:3  | Identified the cursed +0 shield "Unotumm" {Str+5 Dex-5} (You found it on level 3 of the Swamp)
 42334 | Swamp:4  | Entered Level 4 of the Swamp
 42334 | Swamp:4  | Noticed a tentacled monstrosity
 42360 | Swamp:4  | Killed a tentacled monstrosity
 43131 | Swamp:3  | Killed from afar by a thorn hunter

Vault maps used:
D:1:      dpeg_arrival_tiny_a
D:2:      lemuel_doored_altar, gammafunk_temple_overflow_wave
D:3:      first_bread, uniq_natasha
D:4:      yredelemnul_forgotten_temple_becter
D:5:      temple_fountains, serial_shops, shop, grunt_dithmenos_shadows
D:6:      hangedman_ru_absence, minmay_misc_feat_square, dk_noncrumbling_2,
          xom_teletrap_fun
D:7:      kennysheep_mini, lemuel_coloured_pillars_altar, cheibriados_altar_1,
          hangedman_abyss_or_decor_stagger, kennysheep_generic_room_8,
          uniq_duvessa, uniq_crazy_yiuf_cottage
D:8:      fedhas_altar_4, minmay_lair_entry_lava, serial_shops,
          kennysheep_little_box, nicolae_shop_trees, shop, blue_anna_alchemist,
          grunt_qazlal_clouds, uniq_erica
D:9:      minmay_weird_star, nicolae_ashenzari_panopticon, david_orc_2,
          uniq_joseph, uniq_erolcha
D:12:     uniq_kirke, uniq_snorg, uniq_urug, uniq_maurice
D:14:     dragon1_lemuel, david_vaults_4, minmay_misc_feat_tiny
D:15:     gammafunk_depths_entry_grave, nicolae_trove_entry_crystal,
          serial_park_square2, uniq_roxanne
Lair:1:   portal_ice_cave_entry_pillars_01
Lair:3:   uniq_harold
Lair:4:   basic_altar
Lair:5:   minmay_swamp_entry_swarm
Lair:6:   spider_nest_entry_web_field, lemuel_fruit_fields, grunt_megastairs_2,
          infiniplex_staircase_pool_2, uniq_maud
Lair:7:   slime_altar_2, serial_bayou_ford_a, grunt_megastairs_1, uniq_josephine
Lair:8:   minmay_lair_end_frog_pond, patterned_corridor
Swamp:1:  hangedman_swamp_diagram
Swamp:2:  nicolae_swamp_feature_on_the_river_bank
Swamp:3:  hangedman_swamp_cone, swamp_pool4, uniq_jorgrun
Swamp:4:  swamp_alternative, swamp_pool5, nicolae_swamp_spriggan_camp
Spider:1: minmay_another_anthill, uniq_agnes, uniq_nikola
Spider:2: spider_trap
Orc:2:    minmay_orc_barracks
Orc:3:    nicolae_orc_pool_cavern
Orc:4:    pubby_orc_utopia, serial_shops
IceCv:    ice_cave_statue_garden_01

Action                   |  1- 3 |  4- 6 |  7- 9 | 10-12 | 13-15 | 16-18 || total
-------------------------+-------+-------+-------+-------+-------+-------++-------
Melee: Long sword        |   146 |   206 |   518 |       |       |       ||   870
       Scimitar          |       |       |    38 |   770 |  2961 |  1335 ||  5104
Throw: Tomahawk          |       |       |     6 |    11 |    11 |       ||    28
Invok: Greater Servant o |       |       |       |     3 |     3 |     1 ||     7
       Lesser Servant of |       |       |       |       |     1 |       ||     1
 Abil: Evoke Berserk Rag |       |     3 |     6 |     2 |     4 |       ||    15
       Stop Flying       |       |       |       |       |     2 |       ||     2
       Evoke Flight      |       |       |       |       |     2 |       ||     2
Evoke: Wand              |       |       |       |     2 |       |       ||     2
  Use: Scroll            |     5 |     4 |     5 |    14 |    10 |     7 ||    45
       Potion            |       |       |       |     3 |     9 |     2 ||    14
 Stab: Sleeping          |     3 |     1 |       |     2 |       |       ||     6
       Distracted        |       |       |       |     1 |       |       ||     1
       Confused          |       |       |       |       |       |     2 ||     2
  Eat: Chunk             |     4 |     9 |    22 |    26 |    64 |    22 ||   147
       Royal jelly       |       |       |       |     1 |       |       ||     1
       Beef jerky        |       |       |       |       |     3 |     1 ||     4
       Pizza             |       |       |       |       |     1 |       ||     1
